 Dungeon Crawl Stone Soup version 0.28.0-1-gb440e238dd (webtiles) character file.

Game seed: 16780538958808086318

59 issech the Cudgeller (level 3, -15/37 HPs)
             Began as a Troll Monk on Feb 23, 2022.
             Demolished by an ogre (23 damage)
             ... on level 4 of the Dungeon.
             The game lasted 00:04:47 (1124 turns).

issech the Cudgeller (Troll Monk)                   Turns: 1124, Time: 00:04:48

Health: -15/37     AC:  4    Str: 19    XL:     3   Next: 78%
Magic:  2/2        EV: 10    Int:  6    God:
Gold:   48         SH:  0    Dex: 14    Spells: 2/2 levels left

rFire   . . .      SeeInvis .   j - +0 flail
rCold   . . .      Faith    .   (no shield)
rNeg    . . .      Spirit   .   b - +0 robe
rPois   .          Reflect  .   (helmet restricted)
rElec   .          Harm     .   (no cloak)
rCorr   .          Rampage  .   (gloves unavailable)
Will    .....                   (boots unavailable)
Stlth   ++........              (no amulet)
HPRegen 0.92/turn               (no ring)
MPRegen 0.08/turn               (no ring)

@: no status effects
A: large, unfitting armour, claws 3, regeneration 1, shaggy fur 1, tough skin 1
a: no special abilities


You were on level 4 of the Dungeon.
You visited 1 branch of the dungeon, and saw 3 of its levels.

You collected 48 gold pieces.

Inventory:

Hand Weapons
 a - a +0 mace
 j - a +0 flail (weapon)
Missiles
 d - 17 bolts
 f - 6 large rocks (quivered)
 k - 35 stones
 l - 3 poisoned darts
Armour
 b - a +0 robe (worn)
Scrolls
 c - 3 scrolls of identify {unknown}
Potions
 g - a potion of ambrosia {unknown}
 h - 2 potions of degeneration {unknown}


   Skills:
 + Level 3.0 Fighting
 + Level 3.5 Maces & Flails
 + Level 2.8 Dodging
 + Level 1.0 Stealth


You had 2 spell levels left.
You didn't know any spells.
Your spell library contained the following spells:

 Spells                   Type           Power      Damage    Failure   Level
 Inner Flame              Hex/Fire       0%         N/A       83%         3
 Cause Fear               Hex            0%         N/A       99%         4
 Discord                  Hex            0%         N/A       100%        8


Dungeon Overview and Level Annotations

Branches:
Dungeon (2/15)

Altars:

Annotations:
D:4 Menkaure, Pikel


Innate Abilities, Weirdness & Mutations

You are too large for most types of armour.
You have claws for hands.
Your natural rate of healing is unusually fast.
You are covered in fur. (AC +1)
You have tough skin. (AC +1)


Message History

Your giant cockroach closely misses the lemure.
Unknown command.
You thump the ufetubus!
You kill the ufetubus!
The lemure hits you but does no damage.
Your giant cockroach misses the lemure.
The scorpion stings you.
* * * LOW HITPOINT WARNING * * *
Unknown command.
Unknown command.
You closely miss the lemure.
The lemure is moderately wounded.
Your surroundings suddenly seem different.
Found a stone staircase leading down.
You start resting.
An ogre opens the door.
It is wielding a +0 giant spiked club.
An ogre is nearby!
There is a stone staircase leading down here.
An ogre is nearby!
An ogre is nearby!
An ogre is nearby!
An ogre is nearby!
An ogre is nearby!
Unknown command.
Unknown command.
The ogre shouts!
You hit the ogre.
The ogre is lightly wounded.
The ogre hits you with a +0 giant spiked club!
You thump the ogre!
The ogre is moderately wounded.
The ogre hits you with a +0 giant spiked club!
* * * LOW HITPOINT WARNING * * *
You hit the ogre.
The ogre is heavily wounded.
The ogre completely misses you.
You thump the ogre!
The ogre is severely wounded.
The ogre hits you with a +0 giant spiked club!!
Ouch! That really hurt!
You die...

#...#O#.#
###...$l#.#
.......K#.########
..#...#.#.##.....#
#5.l#5#.##.....# #
#.#.#.# #.....#
..#M#.#.# #.....#
#.#.#.#.#.##...O.#
....O......'....@#
#.#.#.#.#..#.....#
#.#5..#..#######
#.#.### .# #K#5#
..### #5#5###.....
#:..........
#...........
#......?....


You could see an ogre.

Vanquished Creatures
  2 adders (D:2)
  An ufetubus (D:4)
  A worm (D:2)
  6 endoplasms
  A giant cockroach (D:2)
  3 goblins
  A hobgoblin (D:2)
  3 jackals (D:1)
  3 quokkas
  2 ball pythons (D:1)
  2 bats (D:1)
  2 frilled lizards
  2 kobolds
  2 rats
31 creatures vanquished.

Notes
Turn   | Place    | Note
-------+----------+-------------------------------------------
     0 | D:1      | issech the Troll Monk began the quest for the Orb.
     0 | D:1      | Reached XP level 1. HP: 22/22 MP: 0/0
   373 | D:1      | Reached XP level 2. HP: 29/29 MP: 1/1
   827 | D:2      | Reached XP level 3. HP: 21/36 MP: 2/2
  1031 | D:2      | You fall into a shaft and drop 2 floors!
  1031 | D:4      | Noticed Pikel
  1031 | D:4      | Noticed a lemure
  1031 | D:4      | Noticed a lemure
  1031 | D:4      | Noticed a lemure
  1031 | D:4      | Noticed a lemure
  1031 | D:4      | Noticed a scorpion
  1038 | D:4      | Noticed Menkaure
  1039 | D:4      | Noticed an ogre
  1124 | D:4      | Demolished by an ogre

Illustrated notes

Levels and vault maps discovered:
D:1:      dpeg_arrival_tiny_d, layout_basic, hangedman_glass_teeth,
          minmay_tall_x
D:2:      layout_rooms
D:4:      layout_basic, ashenzari_altar_1, nicolae_ossuary_entry_catacombs,
          minivault_24, uniq_pikel, uniq_menkaure

Skill      XL: |  1  2  3 |
---------------+----------+-----
Maces & Flails | 3 |  3.5
Fighting       | 3 |  3.0
Dodging        | |  2.8
Stealth        | |  1.0

Action                   || total
-------------------------++-------
Melee: Mace              ||    51
       Flail             ||    36
       Punch             ||     2
  Use: Scroll            ||     2
 Stab: Sleeping          ||     1
Armor: Robe              ||    49
Dodge: Dodged            ||    92
